AoeStats
← lexi.r.d

Hideout

509241376Analyzed
1v1 RM · 7d ago on Sep 26, 2026· 60m 24s· 2 players
Game mode
Random Map
Map size
Tiny (2 player)
Population
200
Speed
Normal
Resources
Standard
Victory
Conquest
Starting age
Dark Age
Ending age
Imperial Age
RankedLock teamsTeams togetherTeam positionsShared explorationLock speedFull tech treeHidden civsTurbo modeCheats
Victory
Defeat
🇺🇸 Britons · United States
525
+17
🇧🇪 Teutons · Belgium
546
-17
lexi.r.d
10:08 Feudal Age
26:06 Castle Age
25:18 Padded Archer Armor
25:09 Fletching
26:13 Double-Bit Axe
26:13 Horse Collar
27:18 Bodkin Arrow
34:05 Heavy Plow
34:18 Bow Saw
35:34 Leather Archer Armor
36:44 Murder Holes
38:30 Ballistics
41:11 Imperial Age
41:42 Light Cavalry
42:57 Husbandry
43:22 Bracer
43:52 Ring Archer Armor
44:37 Yeomen
44:18 Elite Longbowman
46:02 Scale Mail Armor
48:23 Forging
48:20 Scale Barding Armor
52:34 Chemistry
55:18 Warwolf
da
0:47 Loom
11:00 Feudal Age
11:30 Double-Bit Axe
11:27 Horse Collar
14:24 Bloodlines
17:24 Forging
17:15 Padded Archer Armor
17:16 Scale Mail Armor
17:21 Scale Barding Armor
22:19 Stone Mining
22:19 Gold Mining
26:20 Castle Age
28:28 Bow Saw
28:55 Stone Shaft Mining
28:59 Iron Casting
28:39 Chain Mail Armor
28:51 Chain Barding Armor
28:35 Squires
31:11 Wheelbarrow
31:11 Heavy Plow
31:25 Pikeman
33:51 Leather Archer Armor
33:26 Fletching
40:43 Imperial Age
40:36 Hand Cart
41:06 Elite Teutonic Knight
41:14 Capped Ram
44:17 Onager
45:45 Conscription
46:32 Hoardings
46:40 Crop Rotation
48:08 Cavalier
54:02 Paladin
55:36 Ring Archer Armor
57:37 Bodkin Arrow
Connection lost

Rejoining the realm…

Still unreachable

The connection could not be restored.

Session expired

The server has moved on; the page needs a fresh start.